Description

ref for me

Build Order

Get SALT Encoding   

  17  0:46  Spawning Pool  
  17  1:09  Hatchery  
  16  1:16  Extractor  
  19  1:33  Queen  
  21  1:41  Overlord  
  22  2:03  Zergling x2  
  23  2:09  Queen  
  25  2:25  Metabolic Boost  
  25  2:26  Queen  
  30  2:37  Overlord  
  34  3:00  Lair  
  36  3:10  Roach Warren, Evolution Chamber  
  38  3:30  Overlord x2  
  40  3:35  Spore Crawler x2  
  42  4:05  Zerg Missile Weapons Level 1  
  42  4:06  Glial Reconstitution, Extractor x2  
  45  4:40  Roach x5  
  58  4:55  Roach x4  Attack
  60  5:05  Hatchery  
Spawning Tool Build Advisor. Get it on Overwolf

Go to:

Details

  • Created by: pdclutton@gmail.com     
  • Published on: Jul 19, 2019
  • Modified on: Jul 24, 2019
  • Patch: 4.7.1
Show
View Real Time Build Order
Export as new Build Order

Comments (1)

On July 25, 2019, 12:14 p.m., M0rning  said:

3rd at 5 mins for an economic build? Is it meant to be an early harrass on their nat/3rd into econ?

Create an account to comment!